 Dungeon Crawl Stone Soup version 0.26.1-12-g5ba1501909 (webtiles) character file.

Game seed: 1846490325639121345

48 Zeld the Sneak (level 3, 0/22 HPs)
             Began as an Octopode Enchanter on Oct 24, 2021.
             Slain by a goblin (6 damage)
             ... led by Robin
             ... on level 2 of the Dungeon.
             The game lasted 00:03:51 (1929 turns).

Zeld the Sneak (Octopode Enchanter)                 Turns: 1929, Time: 00:03:51

Health: 0/22       AC:  1    Str:  7    XL:     3   Next: 72%
Magic:  4/6        EV: 13    Int: 17    God:
Gold:   19         SH:  0    Dex: 13    Spells: 0/6 levels left

rFire    . . .     SeeInvis .   a - +2 dagger (venom)
rCold    . . .     Faith    .   (no shield)
rNeg     . . .     Spirit   .   (helmet restricted)
rPois    .         Reflect  .   (no amulet)
rElec    .         Harm     .   (no ring)
rCorr    .         Rampage  .   (no ring)
Will     .....                  (no ring)
Stlth    ++++......             (no ring)
HPRegen  0.07/turn              (no ring)
MPRegen  0.10/turn              (no ring)
                                (no ring)
                                (no ring)

@: no status effects
A: almost no armour, stealthy swim, amphibious, 8 rings, constrict 8, camouflage
1, gelatinous body 1
a: no special abilities


You were on level 2 of the Dungeon.
You visited 1 branch of the dungeon, and saw 2 of its levels.

You collected 19 gold pieces.

Inventory:

Hand Weapons
 a - a +2 dagger of venom (weapon)
Missiles
 g - 15 poisoned darts (quivered)
Scrolls
 b - 2 scrolls of teleportation {unknown}
 d - a scroll of remove curse {unknown}
 e - a scroll of random uselessness {unknown}
 f - a scroll of immolation {unknown}
Potions
 c - 3 potions of degeneration {unknown}


   Skills:
 + Level 0.8 Fighting
 * Level 1.8 Short Blades
 * Level 0.0 Throwing
 + Level 2.2 Dodging
 * Level 4.6 Stealth
 + Level 2.2 Spellcasting
 * Level 3.3 Hexes


You couldn't memorise any spells.
You knew the following spells:

 Your Spells              Type           Power        Failure   Level
a - Corona                Hex            14%          4%          1
b - Ensorcelled Hibernat  Hex/Ice        14%          14%         2
c - Confusing Touch       Hex            13%          14%         3

Your spell library contained the following spells:

 Spells                   Type           Power        Failure   Level
 Tukima's Dance           Hex            13%          14%         3
 Dazzling Flash           Conj/Hex       14%          28%         3


Dungeon Overview and Level Annotations

Branches:
Dungeon (2/15)

Altars:

Annotations:
D:2 Robin


Innate Abilities, Weirdness & Mutations

You cannot wear most types of armour.
You are very stealthy in the water. (Stealth+)
You are amphibious.
You can wear up to eight rings at the same time.
You can use your tentacles to constrict eight enemies at once.
Your skin changes colour to match your surroundings (Stealth+).
Your rubbery body absorbs attacks. (AC +1, EV +1)


Message History

Confirm with . or Enter, or press ? or * to list all spells.
Aiming: Ensorcelled Hibernation (safe; 14% risk of failure)
Press: ? - help, Shift-Dir - straight line, f - goblin, p - goblin
Aim: a goblin (strong, chance to affect: 56%)
The goblin is unaffected.
The goblin closely misses you.
Unknown command.
Robin says, "We wiped out the hill dwarves - you're next!"
You hit the goblin. You grab the goblin.
The goblin is heavily wounded.
You constrict the goblin.
You kill the goblin!
The goblin no longer looks unusually strong.
Robin roars a battlecry!
The goblin goes into a battle-frenzy!
There is a stone staircase leading up here.
You hit the goblin.
The goblin is poisoned.
Your grab misses the goblin.
The goblin is heavily wounded.
The goblin barely misses you. The goblin hits you.
You die...

#.# #.# ##.# ...#
####
#####################
.......[......gg@...#
#####################


You could see Robin and a goblin (strong, very poisoned).

Vanquished Creatures
  2 dart slugs (D:1)
  A ball python (D:1)
  2 bats (D:1)
  3 giant cockroaches
  11 goblins
  5 hobgoblins
  3 jackals (D:1)
  5 frilled lizards
  2 kobolds (D:1)
  4 rats (D:1)
38 creatures vanquished.

Notes
Turn   | Place    | Note
-------+----------+-------------------------------------------
     0 | D:1      | Zeld the Octopode Enchanter began the quest for the Orb.
     0 | D:1      | Reached XP level 1. HP: 11/11 MP: 3/3
   322 | D:1      | Reached XP level 2. HP: 11/17 MP: 1/5
   325 | D:1      | Learned a level 2 spell: Ensorcelled Hibernation
   836 | D:1      | Reached XP level 3. HP: 22/22 MP: 4/6
   844 | D:1      | Learned a level 3 spell: Confusing Touch
  1509 | D:2      | Noticed Robin
  1929 | D:2      | Slain by a goblin

Illustrated notes

Levels and vault maps discovered:
D:1:      giann_wishing_wells, layout_loops_ring
D:2:      layout_basic, overflow_temple_1_default,
          nicolae_overflow_crystal_walls, uniq_robin

Action                   || total
-------------------------++-------
Melee: Dagger            ||    85
       Constrict         ||    26
       Tentacles         ||    10
 Cast: Corona            ||    22
       Ensorcelled Hiber ||     4
 Stab: Sleeping          ||     5
Armor: Skin              ||     8
Dodge: Dodged            ||    53
